 Dungeon Crawl Stone Soup version 0.30-b1-2-g02819fbbbe (webtiles) character file.

Game seed: 17699716985091237988

7 Gorglomux the Digger (level 2, 8/8 HPs)
             Began as a Meteoran Earth Elementalist on July 19, 2023.
             Quit the game on level 2 of the Dungeon.
             The game lasted 00:01:44 (1401 turns).

Gorglomux the Digger (Meteoran Earth Elementalist)  Turns: 1401, Time: 00:01:44

Health: 8/8        AC:  2    Str:  9    XL:     2   Next: 23%
Magic:  6/6        EV: 12    Int: 16    God:
Gold:   0          SH:  0    Dex: 14    Spells: 5/6 levels left

rFire   . . .        (no weapon)
rCold   . . .        (no shield)
rNeg    . . .        a - +0 robe
rPois   .            (no helmet)
rElec   .            (no cloak)
rCorr   .            (no gloves)
SInv    .            (no boots)
Will    .....        (no amulet)
Stlth   +            (no ring)
HPRegen 0.21/turn    (no ring)
MPRegen 0.10/turn

%: no passive effects
@: glowing
A: sense surroundings 1, otherworldly, glowing, explore regen
a: no special abilities


You were on level 2 of the Dungeon.
You visited 1 branch of the dungeon, and saw 2 of its levels.

Inventory:

Armour
 a - a +0 robe (worn)
Potions
 b - a potion of magic
 c - a potion of curing {unknown}


   Skills:
 + Level 2.6 Dodging
 + Level 1.5 Stealth
 + Level 2.9 Spellcasting
 + Level 1.2 Transmutations
 + Level 3.9 Earth Magic


You had 5 spell levels left.
You knew the following spells:

 Your Spells              Type           Power      Damage    Failure   Level
a - Sandblast             Erth           28%        2d8       3%          1

Your spell library contained the following spells:

 Spells                   Type           Power      Damage    Failure   Level
 Passwall                 Tmut/Erth      8%         N/A       10%         2
 Stone Arrow              Conj/Erth      16%        3d8       26%         3
 Petrify                  Tmut/Erth      10%        N/A       54%         4


Dungeon Overview and Level Annotations

Branches:
Dungeon (2/15) Zot: 192

Altars:


Innate Abilities, Weirdness & Mutations

You passively map a small area around you.
You are easily found by Zot.
You glow in the dark.
You regain HP and MP as you explore.


Message History

Done waiting.
You start waiting.
Done waiting.
You start waiting.
You have lingered too long.
Zot senses you.
Dive deeper or flee this branch before you suffer!
Really rest while Zot is near?
You start waiting.
Zot draws nearer.
Dive deeper or flee this branch before you suffer!
Really rest while Zot is near?
You start waiting.
Zot has nearly found you.
Suffering is imminent.
Descend or flee this branch!
Really rest while Zot is near?
You start waiting.
Zot's power touches on you...
You start waiting.
Done waiting.
You start waiting.
You have lingered too long.
Zot senses you.
Dive deeper or flee this branch before you suffer!
Really rest while Zot is near?
Okay, then.
Really rest while Zot is near?
You start waiting.
Zot draws nearer.
Dive deeper or flee this branch before you suffer!
Really rest while Zot is near?
Okay, then.
Really rest while Zot is near?
You start waiting.
Zot has nearly found you.
Suffering is imminent.
Descend or flee this branch!
Really rest while Zot is near?
You start waiting.
Zot's power touches on you...
You climb downwards.
There is a stone staircase leading up here.
You climb upwards.
There is a stone staircase leading down here.
You climb downwards.
There is a stone staircase leading up here.
Are you sure you want to abandon this character and quit the game? (Confirm with "yes".)
Okay, then.
Are you sure you want to abandon this character and quit the game? (Confirm with "yes".)

* ,
#..........##
............##
.............#
,.............#
.............#
, , ,
,.............#
, *
.....!.......#
.......@....#
#..(.......## *
#.########## *
* * , * * * * ,


There were no monsters in sight!

Vanquished Creatures
  An endoplasm (D:1)
  3 goblins (D:1)
  A hobgoblin (D:1)
  2 bats (D:1)
7 creatures vanquished.

Notes
Turn   | Place    | Note
-------+----------+-------------------------------------------
     0 | D:1      | Gorglomux the Meteoran Earth Elementalist began the quest
                  | for the Orb.
     0 | D:1      | Reached XP level 1. HP: 14/14 MP: 5/5
   102 | D:1      | Reached XP level 2. HP: 20/20 MP: 1/6
  1094 | D:1      | Glimpsed the power of Zot.
  1144 | D:1      | Glimpsed the power of Zot.
  1184 | D:1      | Glimpsed the power of Zot.
  1194 | D:1      | Touched by the power of Zot.
  1295 | D:1      | Glimpsed the power of Zot.
  1345 | D:1      | Glimpsed the power of Zot.
  1385 | D:1      | Glimpsed the power of Zot.
  1394 | D:1      | Touched by the power of Zot.
  1401 | D:2      | Quit the game

Illustrated notes

Levels and vault maps discovered:
D:1:      kilobyte_arrival_exit_the_forest, layout_basic, serial_shops, shop,
          ebering_ecumenical_altar_hall
D:2:      layout_rooms, serial_shops,
          nicolae_shop_temple_entry_statues_fountains, minmay_octomino_j4,
          uniq_natasha, uniq_jessica

Action                     || total
---------------------------++-------
   Cast: Sandblast         ||     9
 Armour: Robe              ||     2
  Dodge: Dodged            ||     1
